 Dungeon Crawl Stone Soup version 0.31.0-11-ge490571c62 (webtiles) character file.

Game seed: 9609488688580279341

11 ChrisTheSkald the Gusty (level 2, 4/19 HPs)
             Began as a Human Air Elementalist on Jan 29, 2024.
             Quit the game on level 2 of the Dungeon.
             The game lasted 00:02:53 (463 turns).

ChrisTheSkald the Gusty (Human Air Elementalist)     Turns: 463, Time: 00:02:54

Health: 4/19       AC:  2    Str:  8    XL:     2   Next: 29%
Magic:  0/5        EV: 12    Int: 15    God:
Gold:   0          SH:  0    Dex: 13    Spells: 0/5 levels left

rFire   . . .        (no weapon)
rCold   . . .        (no shield)
rNeg    . . .        a - +0 robe
rPois   .            (no helmet)
rElec   .            (no cloak)
rCorr   .            (no gloves)
SInv    .            (no boots)
Will    .....        (no amulet)
Stlth   ++           (no ring)
HPRegen 0.23/turn    (no ring)
MPRegen 0.09/turn

%: no passive effects
@: lethally poisoned (4 -> -2), very slightly contaminated
A: explore regen
a: no special abilities


You were on level 2 of the Dungeon.
You visited 1 branch of the dungeon, and saw 2 of its levels.

Inventory:

Armour
 a - a +0 robe (worn)


   Skills:
 * Level 0.1 Fighting
 * Level 0.2 Armour
 * Level 2.3 Dodging
 * Level 2.0 Stealth
 * Level 2.0 Spellcasting
 * Level 1.0 Conjurations
 * Level 3.2 Air Magic


You couldn't memorise any spells.
You knew the following spells:

 Your Spells              Type           Power      Damage    Failure   Level
a - Shock                 Conj/Air       28%        1d4       10%         1
b - Static Discharge      Conj/Air       14%        3-4/arc   14%         2
c - Jinxbite              Hex            2%         N/A       32%         2

Your spell library contained the following spells:

 Spells                   Type           Power      Damage    Failure   Level
 Swiftness                Air            11%        N/A       19%         3
 Airstrike                Air            5%         2d(1-17)  52%         4
 Yara's Violent Unravell  Hex/Alch       0%         3d3       99%         5
 Enfeeble                 Hex            0%         N/A       100%        7


Dungeon Overview and Level Annotations

Branches:
Dungeon (2/15)

Altars:


Innate Abilities, Weirdness & Mutations

You regain HP and MP as you explore.


Message History

You aren't carrying any scrolls.
Unknown command.
The adder attacks as it pursues you! The adder bites you but does no damage.
The adder attacks as it pursues you! The adder closely misses you.
The adder bites you but does no damage. The adder attacks as it pursues you!
The adder misses you.
Your magical contamination has completely faded away.
The adder barely misses you. The adder attacks as it pursues you!
The adder closely misses you. The adder attacks as it pursues you!
The adder bites you.
You are poisoned.
The adder poisons you! The adder barely misses you.
You feel sick.
You feel sick.
You feel sick. The adder attacks as it pursues you! The adder misses you.
You feel sick. The adder bites you.
You are more poisoned.
The adder poisons you!
You feel sick.
You feel sick. The adder attacks as it pursues you! The adder misses you.
You feel sick.
You feel sick. The adder bites you.
You feel sick.
You feel sick.
You are no longer poisoned.
Casting: Static Discharge (safe; 14% risk of failure)
Press: ? - help, Q - select action, (/) - cycle Dir - look around, f - activate You miscast Static Discharge.
You are very lightly contaminated with residual magic.
Nothing appears to happen.
The adder bites you.
* * * LOW HITPOINT WARNING * * *
You are lethally poisoned!
The adder poisons you! The adder bites you but does no damage.
Unknown command.
You aren't carrying any potions.
Unknown command.
You aren't carrying any scrolls.
Unknown command.
Are you sure you want to abandon this character and quit the game? (Confirm with "yes".)

############ #..........#
#S########.#
#######@##### #.#
##...........# #.#
...#####†###.# #.#
#..#####.###.####.#######
#..##..........##........
#..##.##...........######
#..##.######..#.##.#
#######..##.# #.### ...
............# . ##.##


You could see an adder.

Vanquished Creatures
  2 dart slugs (D:1)
  A ribbon worm (D:2)
  A hobgoblin (D:1)
  A ball python (D:1)
  2 rats (D:1)
7 creatures vanquished.

Notes
Turn   | Place    | Note
-------+----------+-------------------------------------------
     0 | D:1      | ChrisTheSkald the Human Air Elementalist began the quest
                  | for the Orb.
     0 | D:1      | Reached XP level 1. HP: 13/13 MP: 3/3
   223 | D:1      | Reached XP level 2. HP: 5/19 MP: 0/5
   278 | D:1      | Learned a level 2 spell: Static Discharge
   333 | D:2      | Learned a level 2 spell: Jinxbite
   463 | D:2      | Quit the game

Illustrated notes

Levels and vault maps discovered:
D:1:      onia_arrival_mini_maze, layout_rooms, serial_shops,
          nicolae_shop_back_alley_shop, serial_rivers,
          chequers_serial_rivers_small_3, chequers_serial_rivers_micro_e,
          chequers_serial_rivers_small_b, chequers_serial_rivers_micro_d,
          chequers_serial_rivers_room_a, chequers_serial_rivers_small_3
D:2:      layout_loops_ring, basic_altar, minmay_misc_feat_chi,
          chequers_serial_rivers_micro_d, nicolae_nh_oracle_at_delphi

Action                     || total
---------------------------++-------
  Melee: Unarmed           ||     4
   Cast: Shock             ||    13
         Static Discharge  ||     6
    Use: Potion            ||     2
 Armour: Robe              ||    25
  Dodge: Dodged            ||    19
